 Dungeon Crawl Stone Soup version 0.21.1-1-g345015fe64 (webtiles) character file.

12 DildoBatman the Vexing (level 2, 0/22 HPs)
             Began as a Formicid Enchanter on Apr 2, 2018.
             Slain by a hobgoblin
             ... wielding a +0 club
              (4 damage)
             ... on level 1 of the Dungeon.
             The game lasted 00:00:50 (355 turns).

DildoBatman the Vexing (Formicid Enchanter)          Turns: 355, Time: 00:00:51

Health: 0/22       AC:  2    Str: 12    XL:     2   Next: 45%
Magic:  4/5        EV: 12    Int: 14    God:
Gold:   15         SH:  0    Dex: 11    Spells: 4/5 levels left

rFire    . . .     SeeInvis +   a - +1 dagger
rCold    . . .     Gourm    .   (no shield)
rNeg     . . .     Faith    .   b - +0 robe
rPois    .         Spirit   .   (helmet unavailable)
rElec    .         Reflect  .   (no cloak)
rCorr    .         Harm     .   (no gloves)
MR       .....                  (no boots)
Stlth    ++........             (no amulet)
HPRegen  0.07/turn              (no ring)
MPRegen  0.09/turn              (no ring)

@: no status effects
A: permanent stasis, dig shafts and tunnels, four strong arms, antennae 3
a: Dig, Shaft Self


You were on level 1 of the Dungeon.
You were not hungry.

You visited 1 branch of the dungeon, and saw 1 of its levels.

You collected 15 gold pieces.

Inventory:

Hand Weapons
 a - a +1 dagger (weapon)
 e - a +0 short sword
Missiles
 d - 4 stones (quivered)
Armour
 b - a +0 robe (worn)
Jewellery
 g - an uncursed ring of protection from cold {unknown}
Potions
 h - a potion of curing {unknown}
Books
 c - a book of Maledictions

   Spells                             Type                      Level
   a - Corona                         Hexes                        1
   b - Ensorcelled Hibernation        Hexes/Ice                    2
   c - Confuse                        Hexes                        3
   d - Tukima's Dance                 Hexes                        3
   e - Dazzling Spray                 Conjuration/Hexes            3
Comestibles
 f - 11 chunks of flesh
 v - a ration


   Skills:
 * Level 2.1 Fighting
 - Level 1.0 Short Blades
 - Level 1.7 Dodging
 - Level 3.6 Stealth
 - Level 2.1 Spellcasting
 - Level 3.6 Hexes


You had 4 spell levels left.
You knew the following spells:

 Your Spells              Type           Power        Failure   Level  Hunger
a - Corona                Hex            ##.....      5%          1    #......


Dungeon Overview and Level Annotations

Branches:
Dungeon (1/15)

Altars:


Innate Abilities, Weirdness & Mutations

You cannot be hasted, slowed, berserked, paralysed or teleported.
You can dig through walls and to a lower floor.
Your four strong arms can wield two-handed weapons with a shield.
You have a pair of large antennae on your head. (SInv)


Message History

You hit the hobgoblin.
The hobgoblin is almost dead.
You barely miss the hobgoblin.
The hobgoblin is almost dead.
The bat closely misses you. The hobgoblin hits you with a club.
You barely miss the hobgoblin.
The hobgoblin is almost dead.
The bat hits you but does no damage. The hobgoblin hits you with a club.
You hit the hobgoblin but do no damage.
The hobgoblin is almost dead.
The bat closely misses you. The hobgoblin hits you with a club.
The bat hits you but does no damage.
You hit the hobgoblin but do no damage.
The hobgoblin is almost dead.
The bat misses you. The hobgoblin hits you with a club.
You die...

............#
............# #..# ...
............# #..# ..#
............###..# ...##
.................. ....#
.........#.# #...#.....#
.........#.###...#.....#
................bg...[..
.........#.##...@# ..
.................# ...
.........#.##+#..##....
.##.###..#.#.........#
.#.......#.#.........+
.#..###....#.........#
....# ##...##'#........
.#..####...##.######.#.
...........##.# .#


You could see a hobgoblin and a bat.

Vanquished Creatures
  4 bats (D:1)
  A giant cockroach (D:1)
  A goblin (D:1)
  A hobgoblin (D:1)
  A kobold (D:1)
  4 rats (D:1)
12 creatures vanquished.

Notes
Turn   | Place    | Note
-------+----------+-------------------------------------------
     0 | D:1      | DildoBatman the Formicid Enchanter began the quest for the Orb.
     0 | D:1      | Reached XP level 1. HP: 13/13 MP: 3/3
   167 | D:1      | Reached skill level 1 in Fighting
   204 | D:1      | Reached XP level 2. HP: 18/21 MP: 3/5
   355 | D:1      | Slain by a hobgoblin

Skill      XL: |  1  2 |
---------------+-------+-----
Fighting       | 1 2 |  2.1
Short Blades   | |  1.0
Dodging        | |  1.7
Stealth        | |  3.6
Spellcasting   | |  2.1
Hexes          | |  3.6

Action                   || total
-------------------------++-------
Melee: Dagger            ||    31
 Cast: Corona            ||    12
 Stab: Sleeping          ||     1
Armor: Robe              ||     4
Dodge: Dodged            ||    14
